 Dungeon Crawl Stone Soup version 0.29-a0-813-g4a14ea37d6 (webtiles) character file.

Game seed: 1818067761301001407

37 gobodom the Digger (level 3, 0/19 HPs)
             Began as a Gargoyle Earth Elementalist on July 5, 2022.
             Slain by a gnoll
             ... wielding a +0 flail
              (1 damage)
             ... on level 2 of the Dungeon.
             The game lasted 00:02:57 (1500 turns).

gobodom the Digger (Gargoyle Earth Elementalist)    Turns: 1500, Time: 00:02:57

Health: 0/19       AC:  5    Str: 11    XL:     3   Next: 41%
Magic:  4/7        EV:  6    Int: 17    God:
Gold:   57         SH:  0    Dex: 10    Spells: 6/7 levels left

rFire   . . .      SeeInvis .   (no weapon)
rCold   . . .      Faith    .   (no shield)
rNeg    + . .      Spirit   .   a - +0 robe
rPois   ∞          Reflect  .   (no helmet)
rElec   +          Harm     .   (no cloak)
rCorr   .          Rampage  .   (no gloves)
Will    .....                   (no boots)
Stlth   ++........              (no amulet)
HPRegen 0.06/turn               (no ring)
MPRegen 0.10/turn               (no ring)

@: held
A: sickness immunity, AC +3, negative energy resistance 1, electricity
resistance, torment resistance 1, petrification resistance
a: no special abilities


You were on level 2 of the Dungeon.
You visited 1 branch of the dungeon, and saw 2 of its levels.

You collected 57 gold pieces.

Inventory:

Armour
 a - a +0 robe (worn)
Scrolls
 c - a scroll of identify {unknown}
 d - 2 scrolls of torment {unknown}
 e - a scroll of enchant armour {unknown}
 g - a scroll of fear {unknown}
 h - a scroll of vulnerability {unknown}
Potions
 b - a potion of magic
 f - a potion of curing {unknown}
 i - a potion of brilliance {unknown}


   Skills:
 + Level 1.6 Dodging
 + Level 2.2 Stealth
 + Level 2.9 Spellcasting
 + Level 0.7 Transmutations
 + Level 4.3 Earth Magic


You had 6 spell levels left.
You knew the following spells:

 Your Spells              Type           Power      Damage    Failure   Level
a - Sandblast             Erth           34%        2d9       3%          1

Your spell library contained the following spells:

 Spells                   Type           Power      Damage    Failure   Level
 Passwall                 Tmut/Erth      9%         N/A       10%         2
 Stone Arrow              Conj/Erth      18%        3d8       22%         3
 Petrify                  Tmut/Erth      11%        N/A       52%         4


Dungeon Overview and Level Annotations

Branches:
Dungeon (2/15)

Altars:


Innate Abilities, Weirdness & Mutations

You are immune to sickness and miasma.
Your stone body is resilient. (AC +3)
You are immune to poison.
You resist negative energy. (rN+)
You are resistant to electric shocks. (rElec)
You are resistant to unholy torment.
You are immune to petrification.


Message History

You can't see any susceptible monsters within range! (Use Z to cast anyway.)
A dart slug comes into view.
The gnoll shouts!
You hear a shout!
The gnoll shouts!
You hear a shout!
A gnoll comes into view. It is wielding a +0 spear.
You hear a shout!
You miscast Sandblast.
You are very lightly contaminated with residual magic.
Nothing appears to happen.
You hear a shout!
A gnoll comes into view. It is wielding a +2 halberd of venom.
The gnoll hits you from afar with a +0 halberd.
A hobgoblin comes into view.
The blast of sand hits the gnoll.
The gnoll is moderately wounded.
The gnoll barely misses you.
The blast of sand hits the dart slug!
You kill the dart slug!
The gnoll hits you from afar with a +0 halberd.
The gnoll throws a throwing net.
The throwing net hits you.
You become entangled in the net!
The gnoll hits you from afar with a +0 spear.
Your magical contamination has completely faded away.
You are too injured to fight recklessly!
You are too injured to fight recklessly!
You tear a large gash into the net.
The gnoll hits you from afar with a +0 halberd.
* * * LOW HITPOINT WARNING * * *
The gnoll completely misses you.
Casting: Sandblast (safe; 3% risk of failure)
Confirm with . or Enter, or press ? or * to list all spells.
Aiming: Sandblast (safe; 3% risk of failure)
Press: ? - help, Shift-Dir - straight line, f - gnoll
Aim: a gnoll, wielding a +0 flail (82% to hit)
The blast of sand hits the gnoll.
The gnoll is lightly wounded.
The gnoll barely misses you.
The gnoll hits you from afar with a +0 halberd.
* * * LOW HITPOINT WARNING * * *
The gnoll hits you with a +0 flail.
You die... ..# ## ... .. # ..#.# #.#...# #.#...###.# #...g.....# #ggg#

##g######
#@#....#
##.#.##.#
#....<#.#
......#<..#.#
#####.....#.#
##.####.. ...
## ####


You could see 4 gnolls and a hobgoblin.

Vanquished Creatures
  3 dart slugs
  3 bats (D:1)
  2 giant cockroaches (D:1)
  4 goblins (D:1)
  A hobgoblin (D:1)
  4 jackals (D:1)
  3 kobolds (D:1)
  A quokka (D:1)
  4 ball pythons (D:1)
  A frilled lizard (D:1)
  2 rats (D:1)
28 creatures vanquished.

Notes
Turn   | Place    | Note
-------+----------+-------------------------------------------
     0 | D:1      | gobodom the Gargoyle Earth Elementalist began the quest for
                  | the Orb.
     0 | D:1      | Reached XP level 1. HP: 10/10 MP: 3/3
   267 | D:1      | Reached XP level 2. HP: 15/15 MP: 1/5
   381 | D:1      | Reached skill level 4 in Earth Magic
   691 | D:1      | Found a faded altar of an unknown god.
   994 | D:1      | Reached XP level 3. HP: 19/19 MP: 3/6
  1500 | D:2      | Slain by a gnoll

Illustrated notes

Levels and vault maps discovered:
D:1:      matt_arrival_debris, layout_basic,
          ebering_ecumenical_altar_sacrificial, hangedman_decor_push
D:2:      layout_loops_ring, basic_altar, uniq_terence, uniq_sigmund

Skill      XL: |  1  2 |
---------------+-------+-----
Earth Magic    | 4 |  4.3
Dodging        | |  1.6
Stealth        | |  2.2
Spellcasting   | |  2.9
Transmutations | |  0.7

Action                   || total
-------------------------++-------
Melee: Unarmed           ||    12
       Punch             ||     1
 Cast: Sandblast         ||    40
Armor: Robe              ||    12
Dodge: Dodged            ||    22

Table legend: (Time is in decaauts)
 A = Elapsed time spent in this place.
 B = Non-inter-level travel time spent in this place.
 C = Inter-level travel time spent in this place.
 D = Time resting spent in this place.
 E = Time spent auto-exploring this place.
 F = Levels seen in this place.
 G = Mean time per level.
                   A        B        C        D        E       F      G
               +--------+--------+--------+--------+--------+-----+--------+
         Total |   1545 |   1451 |     94 |    146 |   1126 |   2 |  772.5 |
       Dungeon |   1545 |   1451 |     94 |    146 |   1126 |   2 |  772.5 |
               +--------+--------+--------+--------+--------+-----+--------+

Top non-repeatable levels by time:
     D:1: 1525 daAuts
     D:2: 20 daAuts
